Steven, chaotic female orcish Cavewoman ----------- ------------ ------- #..........| |{.........| ##......| `|.........| #...........| # |.....| #..........| ###---.-------- ### |.....| ###|.........| #############################+.....| # #-e--------- # ### # ### ------- ### # @ ### # ### # # # # # ### # # -----------# # # ### # ### # |.........|# ### # ########### # # |..........# # # #-----# ## # |.........|### # #|...|# ----------|---# |......<..-` -|----- ###|....# |............-# |.........| |......#### |...|` |............| ----------- |.....|#### |...| |...>........| |......# ##....| |............| |.....| ---.- |............| |.....| # -------------- ------- Steven the Cave Teen Experience level: 5 Strength: 15 Dexterity: 14 Constitution: 18 Intelligence: 9 Wisdom: 9 Charisma: 9 Health: 0(52) Energy: 17(17) Def: 4 Gold: 2 Moves: 1781 Dungeon seed: DSnpBdR1oWbZnNhJ Game ID: Steven_1439949670 Your Inventory: Coins $ - 2 gold pieces Weapons b - a +2 sling (alternate weapon; not wielded) u - a +0 spear (weapon in hand) Armor n - an uncursed +0 pair of iron shoes (being worn) q - an uncursed +0 leather armor (being worn) r - an uncursed +0 dwarvish iron helm y - a blessed +0 dwarvish cloak N - a blessed +0 dwarvish roundshield Comestibles c - an uncursed tripe ration d - an uncursed sprig of wolfsbane s - an uncursed food ration Scrolls g - a blessed scroll of light i - 2 uncursed scrolls of scare monster l - 2 uncursed scrolls of confuse monster o - a blessed scroll of remove curse p - an uncursed scroll of enchant weapon Potions k - an uncursed potion of healing m - an uncursed potion of hallucination z - an uncursed potion of enlightenment A - an uncursed potion of water E - a cursed potion of gain energy Wands C - a blessed wand of speed monster (0:5) Tools v - an uncursed lock pick D - a +0 pick-axe Gems e - 21 uncursed flint stones (in quiver) Spells and supernatural/magical abilities: Name Level Category Fail Memory j - jumping 1 escape 87% 95% W - pray for help -- divine ? -- Your skills at the end: Fighting Skills bare handed combat [Basic] Weapon Skills club [Basic] spear [Basic] sling [Basic] Spellcasting Skills Final Attributes: You were piously aligned. You were poison resistant. You had infravision. You are dead. Vanquished creatures: a large mimic a small mimic a gnome lord a little dog 3 dwarves a kobold lord an acid blob a coyote 2 large kobolds 9 gnomes a gnome zombie a gecko 3 jackals a goblin 2 sewer rats 5 grid bugs 3 lichens 7 newts 44 creatures vanquished. Voluntary challenges: You used a wielded weapon 76 times, starting on turn 56. You read items or engraved 5 times, starting on turn 615. You never genocided any monsters. You never polymorphed an object. You never changed form. You used no wishes. You never split a pudding. You never wrote Elbereth's name. You never violated your personal moral code. Dungeon overview: The Dungeons of Doom: levels 1 to 3 Level 1 an altar to Ishtar, a fountain, a sink a long staircase Level 2 <- You were here a fountain Level 3 a general store, some fountains stairs to The Gnomish Mines The Gnomish Mines: Level 4 stairs to The Dungeons of Doom History has recorded: On T:1 you entered the Dungeons of Doom to retrieve the Amulet of Yendor! On T:275 you reached level 2 of The Dungeons of Doom. On T:588 you advanced to experience level 2. On T:782 you reached level 3 of The Dungeons of Doom. On T:806 you reached level 1 of The Gnomish Mines. On T:1011 you advanced to experience level 3. On T:1028 you advanced to experience level 4. On T:1377 you advanced to experience level 5. Score breakdown: Gold: 2 ( 0 points) Experience: 5 levels ( 400 points) Exploration: 4 levels ( 90 points) Discoveries: 2 items ( 100 points) Variety of kills: 18 monsters ( 900 points) Major goal: (nothing yet) ( 0 points) Survival: died (score multiplied by 3) Total score: 4470 Latest messages: You hit the floating eye! As you meet its deep, meaningful gaze, you feel its suffering as though it were your own. You die... Final status: Goodbye Steven the Cavewoman, killed by vicarious suffering... You died in The Dungeons of Doom on dungeon level 2 with 4470 points, and 2 pieces of gold, after 1781 moves. You were level 5 with a maximum of 52 hit points when you died.